 Dungeon Crawl Stone Soup version 0.30-a0-1016-gfb0d676c02 (webtiles) character file.

Game seed: 9454238300323318888

2060 Zeldest the Trooper (level 9, -1/83 HPs)
             Began as an Ogre Warper on Apr 6, 2023.
             Was a Follower of Hepliaklqana.
             Slain by an unseen horror (7 damage)
             ... on level 7 of the Dungeon on Apr 7, 2023.
             The game lasted 00:19:46 (8082 turns).

Zeldest the Trooper (Ogre Warper)                   Turns: 8082, Time: 00:19:46

Health: -1/83      AC:  3    Str: 21    XL:     9   Next: 25%
Magic:  20/21      EV:  9    Int: 14    God:    Hepliaklqana [*.....]
Gold:   369        SH:  0    Dex:  8    Spells: 7/12 levels left

rFire   . . .      SeeInvis .    D - +0 morningstar
rCold   . . .      Faith    .    (no shield)
rNeg    . . .      Spirit   .    b - +0 robe
rPois   .          Reflect  .    (helmet restricted)
rElec   .          Rampage  .    (no cloak)
rCorr   .                        (gloves unavailable)
Will    .....                    (boots unavailable)
Stlth   +                        p - amulet of the acrobat
HPRegen 0.33/turn                k - ring of magical power
MPRegen 0.17/turn                (no ring)

@: invisible
A: reduced essence, large, unfitting armour, tough skin 1
a: Renounce Religion, Recall Ancestor, Ancestor Identity


You were on level 7 of the Dungeon.
You worshipped Hepliaklqana.
Hepliaklqana was aware of your devotion.
You visited 2 branches of the dungeon, and saw 8 of its levels.

You collected 369 gold pieces.

Inventory:

Hand Weapons
 D - a +0 morningstar (weapon)
Missiles
 d - 7 boomerangs of dispersal (quivered)
 x - a boomerang
 C - 5 silver boomerangs
Armour
 b - a +0 robe (worn)
Jewellery
 k - a ring of magical power (left hand)
 p - an amulet of the acrobat (around neck)
Wands
 B - a wand of paralysis (7)
 F - a wand of mindburst (6)
Scrolls
 e - 2 scrolls of noise
 h - 2 scrolls of teleportation
 i - 3 scrolls of enchant weapon
 m - a scroll of fear {unknown}
 q - 2 scrolls of poison {unknown}
 s - 3 scrolls of brand weapon {unknown}
 v - a scroll of torment {unknown}
 y - a scroll of immolation {unknown}
 z - 2 scrolls of amnesia {unknown}
 A - a scroll of fog {unknown}
 G - a scroll of magic mapping {unknown}
 H - a scroll of vulnerability {unknown}
Potions
 a - 2 potions of resistance
 f - 6 potions of curing
 g - 2 potions of berserk rage
 j - a potion of attraction
 l - a potion of lignification {unknown}
 n - 4 potions of haste
 o - a potion of flight
 u - 2 potions of degeneration
 w - 2 potions of brilliance
 E - a potion of might


   Skills:
 + Level 7.0 Fighting
 * Level 6.7 Maces & Flails
 - Level 1.0 Throwing
 - Level 2.1 Dodging
 - Level 2.4 Spellcasting
 * Level 6.9 Translocations
 - Level 3.0 Air Magic
 + Level 2.1 Invocations


You had 7 spell levels left.
You knew the following spells:

 Your Spells              Type           Power      Damage    Failure   Level
a - Vhi's Electric Charg  Tloc/Air       30%        N/A       9%          3
b - Blink                 Tloc           42%        N/A       1%          2

Your spell library contained the following spells:

 Spells                   Type           Power      Damage    Failure   Level
 Lesser Beckoning         Tloc           42%        N/A       1%          2
 Teleport Other           Tloc           21%        N/A       4%          3
 Manifold Assault         Tloc           21%        N/A       13%         4
 Inner Flame              Hex/Fire       1%         N/A       56%         3
 Flame Wave               Conj/Fire      1%         2d4       92%         4
 Sticky Flame             Conj/Fire      1%         2d3       92%         4


Dungeon Overview and Level Annotations

Branches:
Dungeon (7/15) Zot: 25399  Temple (1/1) D:7 Zot: 5998

Altars:
Ashenzari
Dithmenos
Elyvilon
Fedhas
Gozag
Hepliaklqana
Kikubaaqudgha
Okawaru
Qazlal
Ru
Sif Muna
Trog
Uskayaw
Vehumet
Xom
Yredelemnul
Zin
The Shining One

Annotations:
D:3 1 transporter, Ijyb


Innate Abilities, Weirdness & Mutations

Your life essence is reduced to manifest your ancestor. (-10% HP)
You are too large for most types of armour.
You have tough skin. (AC +1)


Message History

You hit something.
You are engulfed in a cloud of scalding steam.
You hear a shout!
Something hits you.
Something barely misses Decima.
Something hits Decima!
Decima hits something.
The white imp is engulfed in a cloud of scalding steam.
The white imp hits you.
* * * LOW HITPOINT WARNING * * *
The white imp freezes you.
* * * LOW HITPOINT WARNING * * *
The black bear bites you but does no damage.
The black bear claws you but does no damage. x2
You hear a howl!
Blink to where?
Press: ? - help, Dir - move target, p - black bear
As you read the scroll of blinking, it crumbles to dust.
Something closely misses Decima.
Decima misses something.
The white imp is engulfed in a cloud of scalding steam.
The white imp dies!
Something completely misses Decima.
Something closely misses Decima.
Something hits Decima.
Decima hits something.
Something hits Decima!
Something hits Decima.
Decima is destroyed!
You feel much better.
The centaur wields a +0 shortbow.
The centaur shoots an arrow.
The arrow hits you! Something barely misses you. Something hits you!
Something barely misses you. Something misses you. Something hits you!
Something hits you!
* * * LOW HITPOINT WARNING * * *
The centaur shoots an arrow.
Something hits you but does no damage.
The centaur shoots an arrow.
The arrow hits you.
* * * LOW HITPOINT WARNING * * *
Something hits you!
* * * LOW HITPOINT WARNING * * *
Okay, then.
You fade into invisibility!
Something hits you!
You die...

...................## #......###.
....................###..........
#...................##...........
#....................#......#####
#..........................## #
##.........................##
########.#c................###
##.≈....~.####................###
#...≈..≈...#####@................
.~..≈..~..~.# ##................
..~..~~..≈..## #.................
..########...# ..###...###<......
.##$8..8.#c..# #.⌠.# #.......
##.....c..##~.# ####...###.......
# .######.§##.# #................
##D.#..##.⌠..>..⌠........
#§##.##................


You could see a centaur (unable to see you).

Vanquished Creatures
  Eustachio (D:6)
  Menkaure (D:4)
  A water moccasin (D:7)
  An ice beast (D:5)
  A sky beast (D:7)
  A black bear (D:6)
  A centaur (D:7)
  2 phantoms
  A bullfrog (D:7)
  3 scorpions
  3 wights (D:6)
  A howler monkey (D:3)
  5 hounds
  A jelly (D:6)
  3 orc priests
  A sleepcap (D:6)
  Jessica (D:3)
  6 orc wizards
  6 adders
  2 shadow imps (D:7)
  2 white imps
  An ufetubus (D:7)
  4 worms
  2 dart slugs
  9 orcs
  11 ball pythons
  4 endoplasms
  7 giant cockroaches
  6 goblins
  9 hobgoblins
  7 jackals
  6 kobolds
  5 quokkas
  7 bats
  5 frilled lizards
  4 rats
131 creatures vanquished.

Vanquished Creatures (collateral kills)
  A centaur (D:7)
  A sleepcap (D:7)
  An orc (D:7)
3 creatures vanquished.

Vanquished Creatures (others)
  An ancestor (D:7)
  A white imp (D:7)
  6 plants (D:3)
8 creatures vanquished.

Grand Total: 142 creatures vanquished

Notes
Turn   | Place    | Note
-------+----------+-------------------------------------------
     0 | D:1      | Zeldest the Ogre Warper began the quest for the Orb.
     0 | D:1      | Reached XP level 1. HP: 22/22 MP: 3/3
   110 | D:1      | Reached XP level 2. HP: 18/29 MP: 5/5
   198 | D:1      | Reached skill level 3 in Fighting
   504 | D:1      | Reached XP level 3. HP: 35/37 MP: 6/6
  1057 | D:2      | Learned a level 2 spell: Blink
  1090 | D:2      | Reached XP level 4. HP: 44/45 MP: 7/7
  1869 | D:2      | Found a faded altar of an unknown god.
  2039 | D:3      | Found a transporter.
  2060 | D:3      | Noticed Jessica
  2082 | D:3      | Killed Jessica
  2293 | D:3      | Reached XP level 5. HP: 44/54 MP: 8/8
  2515 | D:3      | Noticed Ijyb
  2609 | D:3      | Reached skill level 4 in Fighting
  3020 | D:4      | Learned a level 3 spell: Vhi's Electric Charge
  3092 | D:4      | Noticed Menkaure
  3098 | D:4      | Killed Menkaure
  3099 | D:4      | Reached XP level 6. HP: 24/63 MP: 9/9
  3256 | D:4      | Reached skill level 1 in Air Magic
  3441 | D:5      | Entered Level 5 of the Dungeon
  3548 | D:4      | Reached XP level 7. HP: 13/71 MP: 10/10
  4093 | D:5      | Reached skill level 5 in Translocations
  4245 | D:5      | Reached skill level 5 in Fighting
  5025 | D:5      | Reached skill level 5 in Maces & Flails
  5501 | D:6      | Reached XP level 8. HP: 62/81 MP: 11/11
  5607 | D:6      | Noticed Eustachio
  5746 | D:6      | Found a glowing golden altar of the Shining One.
  5760 | D:6      | Found an ancient bone altar of Kikubaaqudgha.
  5760 | D:6      | Found a hazy altar of Hepliaklqana.
  5760 | D:6      | Found a white marble altar of Elyvilon.
  5762 | D:6      | Found a glowing silver altar of Zin.
  5813 | D:6      | Became a worshipper of Hepliaklqana the Forgotten
  6236 | D:6      | Found a stormy altar of Qazlal.
  6460 | D:6      | Killed Eustachio
  6461 | D:6      | Reached skill level 6 in Fighting
  6819 | D:7      | Found a staircase to the Ecumenical Temple.
  6839 | Temple   | Entered the Ecumenical Temple
  7111 | D:6      | Reached skill level 1 in Invocations
  7211 | D:7      | Reached XP level 9. HP: 77/92 MP: 12/12
  7290 | D:7      | Reached * piety under Hepliaklqana
  8001 | D:7      | Reached skill level 7 in Fighting
  8082 | D:7      | Slain by an unseen horror

Illustrated notes

Levels and vault maps discovered:
D:1:      mushboom_english_gardens, layout_basic
D:2:      layout_loops_ring, shapermc_ecumenical_altar_totnotflames
D:3:      cheibrodos_helix_gallery, layout_loops_ring,
          gammafunk_ghost_gnarly_gnolls, uniq_grinder, uniq_ijyb, uniq_jessica
D:4:      layout_gridville, uniq_menkaure
D:5:      layout_gridville, chequers_avenue, minivault_26,
          corexii_leaking_fountain
D:6:      layout_basic, mainiacjoe_overflow_small_starburst, minitemple,
          uniq_eustachio
D:7:      layout_layer_cave, minmay_temple_entry_junction, nzn_random_ring,
          uniq_crazy_yiuf_cottage
Temple:   nicolae_temple_no_exploring_needed

Skill      XL: |  1  2  3  4  5  6  7  8  9 |
---------------+----------------------------+-----
Maces & Flails | 2 3 4 5 6 |  6.7
Fighting       | 3 4 5 6 7 |  7.0
Translocations | 3 4 5 6 |  6.9
Air Magic      | 1 2 3 |  3.0
Invocations    | 1 2 |  2.1
Throwing       | |  1.0
Dodging        | |  2.1
Spellcasting   | |  2.4

Action                     |  1- 3 |  4- 6 |  7- 9 || total
---------------------------+-------+-------+-------++-------
  Melee: Mace              |   105 |    75 |       ||   180
         Club              |       |    15 |       ||    15
         Flail             |       |   109 |   178 ||   287
         Morningstar       |       |       |   101 ||   101
         Punch             |       |       |     1 ||     1
   Cast: Vhi's Electric Ch |       |     1 |    12 ||    13
 Invoke: Recall Ancestor   |       |       |     1 ||     1
         Ancestor Identity |       |       |     1 ||     1
    Use: Potion            |       |     1 |     2 ||     3
         Scroll            |       |       |    14 ||    14
   Stab: Sleeping          |     1 |       |       ||     1
         Distracted        |       |       |     1 ||     1
 Armour: Robe              |    50 |    64 |    87 ||   201
  Dodge: Dodged            |    59 |   109 |   190 ||   358

Table legend: (Time is in decaauts)
 A = Elapsed time spent in this place.
 B = Non-inter-level travel time spent in this place.
 C = Inter-level travel time spent in this place.
 D = Time resting spent in this place.
 E = Time spent auto-exploring this place.
 F = Levels seen in this place.
 G = Mean time per level.
                   A        B        C        D        E       F      G
               +--------+--------+--------+--------+--------+-----+--------+
         Total |   8211 |   8054 |    157 |   3284 |   2991 |   8 | 1026.4 |
       Dungeon |   8210 |   8053 |    157 |   3284 |   2991 |   7 | 1172.9 |
        Temple |      1 |      1 |      0 |      0 |      0 |   1 |    1.0 |
               +--------+--------+--------+--------+--------+-----+--------+

Top non-repeatable levels by time:
     D:5: 1785 daAuts
     D:7: 1423 daAuts
     D:6: 1231 daAuts
     D:1: 1142 daAuts
     D:4: 1012 daAuts
     D:2: 945 daAuts
     D:3: 668 daAuts
  Temple: 1 daAuts
